 Dungeon Crawl Stone Soup version 0.20-a0-210-gd6c29eb (webtiles) character file.

119 KristoblXynda the Charmwright (level 4, -2/36 HPs)
             Began as a Draconian Skald on Nov 26, 2016.
             Slain by an adder (4 damage)
             ... on level 3 of the Dungeon.
             The game lasted 00:03:56 (2282 turns).

KristoblXynda the Charmwright (Draconian Skald)     Turns: 2282, Time: 00:03:57

Health: -2/36      AC:  5    Str: 14    XL:     4   Next: 74%
Magic:  7/7        EV: 12    Int: 13    God:
Gold:   69         SH:  0    Dex: 11    Spells: 6/7 levels left

rFire  . . .     SeeInvis .     p - -3 hand axe (curse)
rCold  . . .     Gourm    .     (armour unavailable)
rNeg   . . .     Faith    .     (no shield)
rPois  .         Spirit   .     (helmet restricted)
rElec  .         Reflect  .     (no cloak)
rCorr  .         Harm     +     (no gloves)
MR     .....                    (no boots)
Stlth  ..........               e - amulet of harm
                                (no ring)
                                m - ring of loudness (curse)

@: lethally poisoned (-2 -> -5)
A: unfitting armour, cold-blooded, AC +5
a: no special abilities


You were on level 3 of the Dungeon.
You were hungry.

You visited 1 branch of the dungeon, and saw 4 of its levels.

You collected 69 gold pieces.

Inventory:

Hand Weapons
 a - a +1 falchion
 h - a +1 dagger of draining
 p - a cursed -3 hand axe (weapon)
Jewellery
 e - an amulet of harm (around neck)
 m - a cursed ring of loudness (left hand)
Wands
 n - a wand of iceblast (8/15)
Scrolls
 g - a scroll of identify
 l - a scroll of enchant weapon
Potions
 d - a potion of curing
 f - a potion of mutation {unknown}
 j - a potion of heal wounds
 k - a potion of might
 o - a potion of ambrosia {unknown}
Books
 b - a book of Battle

   Spells                             Type                      Level
   a - Infusion                       Charms                       1
   b - Shroud of Golubria             Charms/Translocation         2
   c - Song of Slaying                Charms                       2
   d - Spectral Weapon                Hexes/Charms                 3
   e - Regeneration                   Charms/Necromancy            3
Comestibles
 c - 3 bread rations
 i - a beef jerky


   Skills:
 - Level 2.1 Fighting
 + Level 3.2 Long Blades
 + Level 2.6 Dodging
 - Level 2.0 Spellcasting
 + Level 3.6 Charms


You had 6 spell levels left.
You knew the following spells:

 Your Spells              Type           Power        Failure   Level  Hunger
a - Infusion              Chrm           ##..         8%          1    ##.....


Dungeon Overview and Level Annotations

Branches:
Dungeon (4/15)
 Temple: D:4-7

Altars:
Trog


Innate Abilities, Weirdness & Mutations

Your plain brown scales are hard. (AC +5)
You cannot fit into any form of body armour.
You are cold-blooded and may be slowed by cold attacks.


Message History

You barely miss the adder.
The adder is severely wounded.
* * * LOW HITPOINT WARNING * * *
You feel sick. The adder bites you but does no damage.
The adder closely misses you.
You hit the adder but do no damage. You tail-slap the adder.
The adder is almost dead.
* * * LOW HITPOINT WARNING * * *
You feel sick. The adder bites you but does no damage.
Unknown command.
You feel better. The adder bites you.
* * * LOW HITPOINT WARNING * * *
You are poisoned.
The adder poisons you! The adder bites you.
* * * LOW HITPOINT WARNING * * *
You miss the adder.
The adder is almost dead.
* * * LOW HITPOINT WARNING * * *
You feel sick. The adder bites you.
You die...

...... ...
......######...
.............#.
...............
.............#
.............#
.......S.....#
.......@.....#
...####%.....#........
+............... .
#......##.......
..#####......##.....
.............##....
.............##..#
.............##.>#######
................<......#


You could see an adder.

Vanquished Creatures
  Jessica (D:2)
  4 adders (D:2)
  A worm (D:2)
  A dart slug (D:1)
  2 leopard geckos
  A ball python (D:1)
  3 giant cockroaches (D:2)
  10 goblins
  8 hobgoblins
  A jackal (D:2)
  2 quokkas (D:2)
  5 bats
  4 frilled lizards
  3 kobolds
  6 rats
52 creatures vanquished.

Notes
Turn   | Place    | Note
-------+----------+-------------------------------------------
     0 | D:1      | KristoblXynda the Draconian Skald began the quest for the Orb.
     0 | D:1      | Reached XP level 1. HP: 17/17 MP: 3/3
    60 | D:1      | Reached XP level 2. HP: 14/24 MP: 5/5
   744 | D:1      | Reached XP level 3. HP: 27/29 MP: 6/6
   990 | D:2      | Found a bloodstained altar of Trog.
  1160 | D:2      | Noticed Jessica
  1174 | D:2      | Killed Jessica
  1174 | D:2      | Reached XP level 4. HP: 33/36 MP: 7/7
  1387 | D:2      | You fall through a shaft for 2 floors!
  1456 | D:3      | HP: 1/36 [adder (3)]
  2282 | D:3      | Slain by an adder

Vault maps used:
D:1:      eino_arrival_cavern_e, grunt_decor_mini_mirrors
D:2:      lemuel_doored_altar, kennysheep_jessica_study, uniq_jessica
D:3:      kennysheep_vampire_church, grunt_temple_overflow_open,
          minmay_misc_feat_plants
D:4:      lemuel_round_altar, uniq_menkaure

Skill      XL: |  1  2  3 |
---------------+----------+-----
Charms         | 3 |  3.6
Dodging        | 2 |  2.6
Long Blades    | 3 |  3.2
Fighting       | |  2.1
Spellcasting   | |  2.0

Action                   |  1- 3 |  4- 6 || total
-------------------------+-------+-------++-------
Melee: Falchion          |    30 |       ||    30
       Tailslap          |     9 |    10 ||    19
       Dagger            |    71 |     6 ||    77
       Hand axe          |       |    89 ||    89
  Use: Scroll            |       |     6 ||     6
       Potion            |       |     2 ||     2
 Stab: Sleeping          |     1 |       ||     1
  Eat: Chunk             |     1 |     3 ||     4
Armor: Skin              |    30 |    32 ||    62
Dodge: Dodged            |    72 |    71 ||   143
       Rpst.: Falchion   |    10 |       ||    10
